 Dungeon Crawl Stone Soup version 0.22.1-2-g9c5b331 (webtiles) character file.

2816 SilentRunner the Thaumaturge (level 9, -8/48 HPs)
             Began as a Deep Elf Conjurer on Dec 22, 2018.
             Was an Initiate of Vehumet.
             Killed from afar by an iguana (14 damage)
             ... with an exploding inner flame
             ... hexed by the player character
             ... on level 7 of the Dungeon.
             The game lasted 01:24:22 (7897 turns).

SilentRunner the Thaumaturge (Deep Elf Conjurer)    Turns: 7897, Time: 01:24:22

Health: -8/48      AC: 11    Str:  5    XL:     9   Next: 44%
Magic:  0/25       EV: 10    Int: 30    God:    Vehumet [......]
Gold:   282        SH:  0    Dex: 15    Spells: 10/28 levels left

rFire    + . .     SeeInvis .   B - +6 short sword
rCold    . . .     Gourm    .   (no shield)
rNeg     . . .     Faith    .   i - +0 ring mail (curse)
rPois    .         Spirit   +   f - +2 hat
rElec    .         Reflect  .   (no cloak)
rCorr    .         Harm     .   v - +0 pair of gloves
MR       .....                  r - +1 pair of boots
Stlth    ++........             n - amulet of guardian spirit
HPRegen  0.16/turn              m - +6 ring of intelligence
MPRegen  0.19/turn              t - ring of protection from fire

@: very slightly contaminated
A: no striking features
a: Renounce Religion


You were on level 7 of the Dungeon.
You worshipped Vehumet.
Vehumet was noncommittal.
You were not hungry.

You visited 2 branches of the dungeon, and saw 8 of its levels.

You collected 282 gold pieces.

Inventory:

Hand Weapons
 b - a -2 dagger
 e - a +0 short sword
 j - a +0 giant spiked club
 z - a +2 rapier of speed
 B - a +6 short sword (weapon)
 E - a +0 dire flail
Missiles
 p - 6 needles of sleeping
 y - 5 silver tomahawks (quivered)
 A - 2 exploding tomahawks
Armour
 a - a +0 robe
 f - a +2 hat (worn)
 g - a +0 leather armour
 i - a cursed +0 ring mail (worn)
 r - a +1 pair of boots (worn)
 u - a +0 hat
 v - a +0 pair of gloves (worn)
 C - a +2 chain mail
Jewellery
 m - a +6 ring of intelligence (left hand)
 n - an amulet of guardian spirit (around neck)
 t - a ring of protection from fire (right hand)
Wands
 h - a wand of iceblast (12)
Scrolls
 d - a scroll of identify
 w - 3 scrolls of remove curse
 x - a scroll of immolation
Potions
 l - a potion of flight
 q - a potion of might
 D - a potion of cancellation
Comestibles
 c - 11 rations
 F - 4 chunks of flesh


   Skills:
 - Level 1.6 Fighting
 + Level 0.3 Short Blades
 + Level 3.8 Armour
 + Level 4.0 Dodging
 + Level 4.1 Stealth
 + Level 10.1 Spellcasting
 + Level 9.8 Conjurations
 + Level 3.1 Hexes
 + Level 0.1 Evocations


You had 10 spell levels left.
You knew the following spells:

 Your Spells              Type           Power        Failure   Level  Hunger
a - Magic Dart            Conj           ####         1%          1    None
b - Iskenderun's Mystic   Conj           ######..     2%          4    None
c - Force Lance           Conj/Tloc      #####...     19%         4    None
d - Searing Ray           Conj           ######       1%          2    None
e - Fulminant Prism       Conj/Hex       ######....   10%         4    None
f - Dazzling Spray        Conj/Hex       ######       3%          3    None

Your spell library contained the following spells:

 Spells                   Type           Power        Failure   Level  Hunger


Dungeon Overview and Level Annotations

Branches:
Dungeon (7/15)             Temple (1/1) D:5

Altars:
Ashenzari
Cheibriados
Dithmenos
Elyvilon
Fedhas
Gozag
Hepliaklqana
Kikubaaqudgha
Makhleb
Nemelex Xobeh
Okawaru
Qazlal
Ru
Sif Muna
Trog
Uskayaw
Vehumet
Wu Jian
Xom
Yredelemnul
Zin
The Shining One
Beogh

Shops:
D:4 [   D:5 =

Annotations:
D:7 Harold, Pikel


Message History

The iguana bites you but does no damage.
The orc wizard gestures wildly while chanting.
The orc wizard blinks!
Casting: Fulminant Prism (safe; 10% risk of failure)
Confirm with . or Enter, or press ? or * to list all spells.
Aiming: Magic Dart (safe; 1% risk of failure)
Press: ? - help, Shift-Dir - straight line, f - iguana, p - worker ant
Aim: an iguana (almost dead, inner flame)
The magic dart hits the iguana.
The iguana is almost dead.
Harold hits you with a battleaxe.
* * * LOW HITPOINT WARNING * * *
The iguana bites you but does no damage.
An orc comes into view. It is wielding a club.
The orc wizard gestures wildly while chanting.
The orc wizard seems to speed up.
You puncture the iguana!
The iguana explodes!
The fiery explosion engulfs you! You resist.
You die...

#.# ###..
..
#.##.....
#o#......
#(..#
#o..##
#O...##
#Zg...#
#@#..l#
#@#.....#
#.#......
#Kao.##..


pFpo.# F. #.o.. #..... #...o.. #..o.#.. You could see Harold (inner flame),
Pikel (inner flame), an ogre (inner flame), 2 slaves, a bullfrog (inner flame),
a worker ant (inner flame), an orc priest, 3 orc wizards, a gnoll, 2 orcs and a
water moccasin zombie (inner flame).

Vanquished Creatures
  A two-headed ogre (D:6)
  Joseph (D:7)
  Eustachio (D:6)
  A hungry ghost (D:6)
  The ghost of verb the Skirmisher, an amateur DsCK of Xom (D:5)
  An ice beast (D:6)
  A black bear (D:5)
  3 ogres
  A centaur (D:6)
  3 bullfrogs (D:6)
  A water moccasin zombie (D:5)
  3 scorpions
  3 crimson imps (D:6)
  A hound (D:6)
  An orc priest (D:5)
  5 orc wizards
  2 iguanas (D:5)
  6 worker ants
  A killer bee zombie (D:5)
  A hound skeleton (D:6)
  11 gnolls
  6 adders
  An ooze (D:2)
  A worm (D:2)
  A dart slug (D:5)
  3 leopard geckos
  17 orcs
  11 giant cockroaches
  8 goblins
  4 hobgoblins
  6 jackals
  4 quokkas
  2 ball pythons
  3 bats (D:1)
  3 frilled lizards
  A jackal skeleton (D:6)
  3 kobolds (D:1)
  A leopard gecko skeleton (D:5)
  3 rats
  2 fulminant prisms
129 creatures vanquished.

Vanquished Creatures (others)
  An orc priest (D:5)
  2 orcs (D:5)
  19 fulminant prisms
22 creatures vanquished.

Grand Total: 151 creatures vanquished

Notes
Turn   | Place    | Note
-------+----------+-------------------------------------------
     0 | D:1      | SilentRunner the Deep Elf Conjurer began the quest for the
                  | Orb.
     0 | D:1      | Reached XP level 1. HP: 10/10 MP: 6/6
   119 | D:1      | Reached XP level 2. HP: 15/15 MP: 6/8
   153 | D:1      | Reached skill level 5 in Conjurations
   424 | D:1      | Reached XP level 3. HP: 19/19 MP: 7/9
   500 | D:1      | You fall through a shaft!
  1584 | D:3      | Reached XP level 4. HP: 24/24 MP: 4/10
  2335 | D:3      | Found a faded altar of an unknown god.
  2394 | D:4      | Reached XP level 5. HP: 28/28 MP: 8/12
  2479 | D:4      | Reached skill level 4 in Spellcasting
  2611 | D:4      | Learned a level 4 spell: Iskenderun's Mystic Blast
  2616 | D:4      | Learned a level 4 spell: Force Lance
  2619 | D:4      | Learned a level 2 spell: Searing Ray
  2766 | D:4      | Found Xisi's Armour Shop.
  3409 | D:4      | Reached skill level 5 in Spellcasting
  3607 | D:4      | Reached XP level 6. HP: 32/32 MP: 7/15
  3658 | D:4      | Found a bloodstained altar of Trog.
  3880 | D:5      | Entered Level 5 of the Dungeon
  3899 | D:5      | Found a staircase to the Ecumenical Temple.
  3965 | D:5      | Found Lelon's Jewellery Shoppe.
  3988 | D:5      | Reached skill level 1 in Armour
  4070 | D:6      | Noticed an ice beast
  4075 | D:6      | Killed an ice beast
  4350 | D:5      | Reached skill level 6 in Spellcasting
  4397 | D:5      | Reached XP level 7. HP: 27/36 MP: 2/18
  4565 | D:6      | Noticed a two-headed ogre
  4869 | D:5      | Found a runed gate.
  4870 | D:5      | Noticed verb's ghost (amateur DsCK)
  4871 | D:5      | Found a runed gate.
  4873 | D:5      | Found a runed gate.
  5129 | D:5      | Reached skill level 7 in Spellcasting
  5476 | D:5      | Found a roughly hewn altar of Beogh.
  5502 | D:5      | Learned a level 4 spell: Fulminant Prism
  5881 | D:5      | Killed verb's ghost
  5881 | D:5      | Reached skill level 1 in Fighting
  5881 | D:5      | Reached XP level 8. HP: 31/43 MP: 0/21
  6192 | D:6      | Reached skill level 8 in Spellcasting
  6308 | D:6      | Found a hazy altar of Hepliaklqana.
  6438 | D:6      | Reached skill level 1 in Hexes
  6505 | D:6      | Killed a two-headed ogre
  6505 | D:6      | Reached skill level 9 in Spellcasting
  6564 | D:6      | Reached XP level 9. HP: 47/47 MP: 10/24
  6824 | D:6      | Noticed Eustachio
  6844 | Temple   | Entered the Ecumenical Temple
  7167 | Temple   | Became a worshipper of Vehumet
  7233 | D:7      | Noticed Joseph
  7583 | D:6      | Killed Eustachio
  7644 | D:6      | Learned a level 3 spell: Dazzling Spray
  7780 | D:7      | Killed Joseph
  7780 | D:7      | Reached skill level 10 in Spellcasting
  7873 | D:7      | Noticed Harold
  7885 | D:7      | Noticed Pikel
  7897 | D:7      | Killed from afar by an iguana

Skill      XL: |  1  2  3  4  5  6  7  8  9 |
---------------+----------------------------+-----
Conjurations   | 5 6 7 8 9 |  9.8
Spellcasting   | 5 6 7 9 10 | 10.1
Stealth        | 3 4 |  4.1
Armour         | 1 2 3 |  3.8
Dodging        | 3 4 |  4.0
Fighting       | 1 |  1.6
Hexes          | 2 3 |  3.1
Short Blades   | |  0.3
Evocations     | |  0.1

Action                   |  1- 3 |  4- 6 |  7- 9 || total
-------------------------+-------+-------+-------++-------
Melee: Unarmed           |     2 |       |       ||     2
       Short sword       |       |     8 |    11 ||    19
 Cast: Magic Dart        |    59 |   118 |    84 ||   261
       Iskenderun's Myst |       |     6 |    17 ||    23
       Searing Ray       |       |     2 |    18 ||    20
       Fulminant Prism   |       |       |    22 ||    22
       Force Lance       |       |       |     1 ||     1
       Dazzling Spray    |       |       |     1 ||     1
Evoke: Wand              |       |     2 |     1 ||     3
  Use: Scroll            |     1 |     9 |    10 ||    20
       Potion            |     1 |     2 |     5 ||     8
  Eat: Ration            |     1 |     1 |     2 ||     4
       Chunk             |       |     4 |     7 ||    11
Armor: Robe              |     1 |       |       ||     1
       Leather armour    |     1 |    13 |       ||    14
       Ring mail         |       |     1 |    46 ||    47
Dodge: Dodged            |     9 |    30 |    67 ||   106
